 Dungeon Crawl Stone Soup version 0.29-a0-72-g1732ff48e7 (webtiles) character file.

Game seed: 16147543330352312404

28 HallandMoats the Skirmisher (level 3, -6/33 HPs)
             Began as a Ghoul Monk on Feb 4, 2022.
             Mangled by a gnoll (7 damage)
             ... on level 2 of the Dungeon.
             The game lasted 00:01:26 (1474 turns).

HallandMoats the Skirmisher (Ghoul Monk)            Turns: 1474, Time: 00:01:29

Health: -6/33      AC:  2    Str: 16    XL:     3   Next: 14%
Magic:  2/2        EV: 12    Int:  5    God:
Gold:   17         SH:  0    Dex: 11    Spells: 2/2 levels left

rFire   . . .      SeeInvis .     - Unarmed
rCold   + . .      Faith    .   (no shield)
rNeg    + + +      Spirit   .   a - +0 robe
rPois   ∞          Reflect  .   (no helmet)
rElec   .          Harm     .   (no cloak)
rCorr   .          Rampage  .   (no gloves)
Will    .....                   (no boots)
Stlth   ++........              (no amulet)
HPRegen 0.00/turn               (no ring)
MPRegen 0.08/turn               (no ring)

@: weak-willed, inhibited regen
A: claws 1, cold resistance 1, negative energy resistance 3, inhibited
regeneration, torment resistance 2
a: no special abilities


You were on level 2 of the Dungeon.
You visited 1 branch of the dungeon, and saw 2 of its levels.

You collected 17 gold pieces.

Inventory:

Armour
 a - a +0 robe (worn)
Scrolls
 d - 6 scrolls of identify {unknown}


   Skills:
 * Level 3.6 Fighting
 + Level 0.5 Armour
 + Level 2.8 Dodging
 - Level 2.1 Stealth
 * Level 3.6 Unarmed Combat
 * Level 1.2 Invocations


You had 2 spell levels left.
You didn't know any spells.
Your spell library was empty.

Dungeon Overview and Level Annotations

Branches:
Dungeon (2/15)

Altars:

Annotations:
D:2 Robin


Innate Abilities, Weirdness & Mutations

You thrive by killing the living.
You are immune to poison.
You have sharp fingernails.
Your flesh is cold resistant. (rC+)
You are immune to negative energy. (rN+++)
You do not regenerate when monsters are visible.
You are immune to unholy pain and torment.


Message History

You kill the goblin!
You feel better. The goblin barely misses you.
A hobgoblin comes into view.
You claw the endoplasm!
You kill the endoplasm!
The goblin hits you with a +0 club.
You scratch Robin.
Robin is moderately wounded.
The goblin hits you but does no damage.
As you read the scroll labelled HAUGUK ZUMATAU, it crumbles to dust.
Magic quickly surges around you.
It was a scroll of vulnerability.
Robin roars a battlecry!
The goblins go into a battle-frenzy!
The goblin misses you. The gnoll closely misses you.
You hear a shout! x2
As you read the scroll labelled MIARED ZAPLUEC, it crumbles to dust.
You hear a loud clanging noise!
It was a scroll of noise.
You hear a shout! x4
Robin hits you with a +0 falchion. The goblin hits you with a +0 club.
The gnoll hits you from afar with a +0 spear!
* * * LOW HITPOINT WARNING * * *
Unknown command.
It was a potion of magic.
Magic courses through your body. The goblin barely misses you.
The gnoll hits you from afar with a +0 spear.
* * * LOW HITPOINT WARNING * * *
Unknown command.
Unknown command.
You scratch Robin.
Robin is heavily wounded.
A goblin comes into view. It is wielding a +0 dagger.
The goblin hits you but does no damage. The gnoll barely misses you.
You scratch Robin but do no damage.
Robin is heavily wounded.
A goblin comes into view. It is wielding a +0 club.
The goblin barely misses you.
A gnoll comes into view. It is wielding a +0 whip.
The gnoll hits you from afar with a +0 spear!
You die...

#.# #.# #.# #.# #####
#.# ...# #.#
#.#####.########
########......gg@ggg..#
.............gg######g#
##########......# #
#.####># ## #.# g# .#
#.# .# .# #.# g. .# #.#
g# ## #..


gg You could see Robin (weak-willed), 2 gnolls, a hobgoblin (strong,
weak-willed) and 4 goblins.

Vanquished Creatures
  A worm (D:2)
  A dart slug (D:2)
  2 endoplasms
  2 goblins
  4 hobgoblins
  2 kobolds (D:1)
  A quokka (D:1)
  2 ball pythons (D:1)
  4 bats (D:1)
  A frilled lizard (D:1)
  3 rats
23 creatures vanquished.

Notes
Turn   | Place    | Note
-------+----------+-------------------------------------------
     0 | D:1      | HallandMoats the Ghoul Monk began the quest for the Orb.
     0 | D:1      | Reached XP level 1. HP: 19/19 MP: 0/0
   547 | D:1      | Reached XP level 2. HP: 24/26 MP: 1/1
   943 | D:1      | Reached skill level 1 in Invocations
  1377 | D:2      | Reached XP level 3. HP: 21/31 MP: 2/2
  1449 | D:2      | Noticed Robin
  1472 | D:2      | HP: 1/33 [gnoll (1)]
  1474 | D:2      | Mangled by a gnoll

Illustrated notes

Levels and vault maps discovered:
D:1:      lightli_arrival_noodles, layout_loops_corners
D:2:      minmay_diamond_boxcup, layout_loops_ring, basic_altar, uniq_sigmund,
          uniq_robin, uniq_crazy_yiuf_cottage

Skill      XL: |  1  2 |
---------------+-------+-----
Invocations    | 1 |  1.2
Fighting       | |  3.6
Armour         | |  0.5
Dodging        | |  2.8
Stealth        | |  2.1
Unarmed Combat | |  3.6

Action                   || total
-------------------------++-------
Melee: Unarmed           ||   102
       Punch             ||     4
  Use: Scroll            ||     2
       Potion            ||     1
 Stab: Sleeping          ||     5
Armor: Robe              ||    20
Dodge: Dodged            ||    66

Table legend: (Time is in decaauts)
 A = Elapsed time spent in this place.
 B = Non-inter-level travel time spent in this place.
 C = Inter-level travel time spent in this place.
 D = Time resting spent in this place.
 E = Time spent auto-exploring this place.
 F = Levels seen in this place.
 G = Mean time per level.
                   A        B        C        D        E       F      G
               +--------+--------+--------+--------+--------+-----+--------+
         Total |   1467 |   1446 |     21 |      0 |   1256 |   2 |  733.5 |
       Dungeon |   1467 |   1446 |     21 |      0 |   1256 |   2 |  733.5 |
               +--------+--------+--------+--------+--------+-----+--------+

Top non-repeatable levels by time:
     D:1: 1222 daAuts
     D:2: 244 daAuts
